[Event "NJSK 2023 Meisjes B"]
[Site "Almelo, Netherlands"]
[Date "2023.04.30"]
[Round "1.1"]
[White "Kulikova, Polina"]
[Black "Verheij, Dana"]
[Result "0-1"]
[TimeControl "90min/40moves + 30min + 30sec/move"]
[WhiteElo "1589"]
[BlackElo "1846"]

1. d4 f5 2. g3 Nf6 3. Bg2 g6 4. c4 Bg7 5. Nf3 O-O 6. O-O d6 7. Nc3 c6 8. Qb3 Na6 9. Re1 Ne4 10.
e3 Nxc3 11. Qxc3 Qc7 12. a3 e5 13. Qc2 e4 14. Nd2 Be6 15. Bh3 Rfe8 16. Rb1 Rac8 17. b4 b5 18. c5 dxc5 19. bxc5 Qa5 20.
Bf1 Nc7 21. Bb2 Nd5 22. Nb3 Qc7 23. Bc3 Qf7 24. Na5 g5 25. Nxc6 Rxc6 26. Bxb5 Rcc8 27. Bxe8 Rxe8 28. Bd2 f4 29.
exf4 Bf5 30. Be3 gxf4 31. gxf4 Bh3 32. f3 Nxe3 33. Rxe3 Bxd4 34. Rbe1 exf3 35. Kf2 Qxf4 36. Qc4+ Kf8 37.
Rc1 Bxe3+ 38. Ke1 Bxc1+ 39. Qe2 Rxe2+ 40. Kd1 Qd2# 0-1

[Event "NJSK 2023 Meisjes B"]
[Site "Almelo, Netherlands"]
[Date "2023.04.30"]
[Round "1.2"]
[White "Gergin, Isafara"]
[Black "Knobbe, Elise"]
[Result "1-0"]
[TimeControl "90min/40moves + 30min + 30sec/move"]
[WhiteElo "1762"]
[BlackElo "1584"]

1. e4 c5 2. Nf3 Nc6 3. d4 cxd4 4.
Nxd4 g6 5. Be3 Bg7 6. Nc3 Nf6 7. Be2 O-O 8. O-O d5 9. exd5 Nxd5 10. Nxd5 Qxd5 11. Bf3 Qd7 12. Nxc6 bxc6 13. Qxd7 Bxd7 14.
Rad1 Rfd8 15. Rxd7 Rxd7 16. Bxc6 Rad8 17. Bxd7 Rxd7 18. b3 Bc3 19. Rb1 a5 20. Kf1 f5 21. Ke2 e5 22. g3 Kf7 23.
Rd1 Rxd1 24. Kxd1 Ke6 25. Ke2 e4 26. Bd2 Bxd2 27. Kxd2 g5 28. c3 Kd5 29. a4 Kc5 30. Ke3 h6 31.
f3 exf3 32. Kxf3 h5 33. h4 gxh4 34. gxh4 Kd5 35. Kf4 Ke6 36. b4 axb4 37. cxb4 Kd5 38. Kxf5 Kc4 39. b5 Kc5 40. Kg5 Kb6 41.
Kxh5 Ka5 42. Kg5 Kb6 43. h5 Ka5 44. h6 Kb6 45. h7 Ka5 46. h8=Q Kb6 47. Qc3 Kb7 48. a5 Ka7 49. b6+ Kb8 50.
Qc7+ Ka8 51. Qa7# 1-0

[Event "NJSK 2023 Meisjes B"]
[Site "Almelo, Netherlands"]
[Date "2023.04.30"]
[Round "1.3"]
[White "Luijkx, Dagmar"]
[Black "Feng, Elysia"]
[Result "0-1"]
[TimeControl "90min/40moves + 30min + 30sec/move"]
[WhiteElo "1559"]
[BlackElo "1697"]

1. d4 d5 2. Bf4 Nf6 3. e3 e6 4. Nf3 c5 5. c3 Nc6 6. Nbd2 Bd6 7. Bg3 O-O 8. Bd3 Re8 9. b3 e5 10.
dxe5 Nxe5 11. Nxe5 Bxe5 12. Bxe5 Rxe5 13. Nf3 Re8 14. O-O Bg4 15. h3 Bh5 16. Bb5 Re7 17. Be2 Ne4 18. Qc2 Qa5 19.
Rac1 Rd8 20. Rfe1 b5 21. Nh4 Bxe2 22. Rxe2 Qb6 23. Nf3 a5 24. Nd2 Rde8 25. c4 dxc4 26. bxc4 b4 27. Nxe4 Rxe4 28.
Rb1 Qe6 29. Qc1 Rxc4 30. Rc2 Rxc2 31. Qxc2 c4 32. Qa4 Qe5 33. Re1 Rb8 34. a3 Qc3 35. Rb1 Qd3 36. Rb2 c3 37. Qc2 Qxc2 38.
Rxc2 bxa3 39. Rxc3 a2 40. Rc1 Rb1 41. Rxb1 axb1=Q+ 42. Kh2 a4 43. f4 Qe1 0-1

[Event "NJSK 2023 Meisjes B"]
[Site "Almelo, Netherlands"]
[Date "2023.04.30"]
[Round "1.4"]
[White "Tangarife Ramirez, Katja"]
[Black "Wortman, Manixia"]
[Result "1-0"]
[TimeControl "90min/40moves + 30min + 30sec/move"]
[WhiteElo "1667"]
[BlackElo "1493"]

1. d4 Nf6 2. Nf3 e6 3. c4 Bb4+ 4. Bd2 Bxd2+ 5. Qxd2 d5 6. g3 O-O 7. Bg2 Nbd7 8. O-O c5 9. Rc1 cxd4 10.
cxd5 e5 11. Qb4 Nxd5 12. Qd6 N5f6 13. Nxe5 Nxe5 14. Qxe5 Re8 15. Qb5 a6 16. Qd3 Bg4 17. Re1 Rb8 18. Nd2 Nd5 19. Qxd4 Bxe2 20.
Bxd5 Bb5 21. Rxe8+ Qxe8 22. Qe4 Qd7 23. Nf3 1-0

[Event "NJSK 2023 Meisjes B"]
[Site "Almelo, Netherlands"]
[Date "2023.04.30"]
[Round "1.5"]
[White "Yildirim, Azra"]
[Black "Ganeshram, Nirupa"]
[Result "1/2-1/2"]
[TimeControl "90min/40moves + 30min + 30sec/move"]
[WhiteElo "1275"]
[BlackElo "1629"]

1. c4 e6 2. Nc3 d5 3. cxd5 exd5 4. d4 Nf6 5. Bg5 Be7 6. Nf3 c6 7. e3 Bf5 8. Bxf6 Bxf6 9. Bd3 Bg6 10.
O-O Nd7 11. Re1 O-O 12. e4 dxe4 13. Nxe4 Bxe4 14. Bxe4 Nb6 15. Qc2 h6 16. Rad1 Qd6 17. a4 Rad8 18. a5 Nd5 19. Ne5 Qb4 20.
a6 Bxe5 21. dxe5 bxa6 22. Qxc6 Ne7 23. Qc2 Rb8 24. Rd2 Rfc8 25. Red1 g6 26. Qd3 Rc4 27. Bd5 Rc5 28. Qe2 Rbc8 29.
e6 Nxd5 30. exf7+ Kxf7 31. Qf3+ Qf4 32. Rxd5 Qxf3 33. Rd7+ Ke8 34. gxf3 R8c7 35. Rxc7 Rxc7 36. Rd6 Kf7 37. Rxa6 Rb7 38.
Kg2 Rxb2 39. Rxa7+ Kf6 40. Kg3 Rb5 41. h4 h5 42. f4 Rb3+ 43. f3 Rb5 44. Ra6+ Kf5 45. Ra8 Rb6 46. Rf8+ Rf6 47.
Rxf6+ Kxf6 48. Kf2 Ke6 49. Ke2 Kf6 50. Kf2 1/2-1/2

[Event "NJSK 2023 Meisjes B"]
[Site "Almelo, Netherlands"]
[Date "2023.04.30"]
[Round "1.6"]
[White "Damen, Josephine"]
[Black "Oostinga, Elisa"]
[Result "1-0"]
[TimeControl "90min/40moves + 30min + 30sec/move"]
[WhiteElo "1628"]
[BlackElo "1034"]

1. e4 c6 2. d4 d5 3. exd5 cxd5 4. c4 Nf6 5. Nc3 Nc6 6. Nf3 Bg4 7. Be3 e6 8. c5 Be7 9. h3 Bh5 10.
g4 Bg6 11. Bb5 Qc7 12. Ne5 a6 13. Bxc6+ bxc6 14. Qa4 Rc8 15. Qxa6 O-O 16. Bf4 Ra8 17. Qxc6 Qa5 18. Qb5 Qxb5 19.
Nxb5 Ra4 20. Nc6 Bd8 21. Nc3 Ra6 22. Ne5 Ba5 23. O-O Bxc3 24. bxc3 Ne4 25. Rfc1 Ra3 26. c4 Rfa8 27. cxd5 exd5 28.
Nxg6 hxg6 29. c6 Rc8 30. c7 g5 31. Bh2 Nd2 32. Kg2 Nc4 33. Rab1 Rxa2 34. Rb8 Ra8 35. Ra1 Nb6 36. Raxa8 1-0

[Event "NJSK 2023 Meisjes B"]
[Site "Almelo, Netherlands"]
[Date "2023.04.30"]
[Round "1.7"]
[White "De Bruijne, Marlies"]
[Black "Zahirna, Iryna"]
[Result "0-1"]
[TimeControl "90min/40moves + 30min + 30sec/move"]
[WhiteElo "945"]
[BlackElo "1594"]

1. d4 d5 2. c4 Nc6 3. Nc3 Nf6 4.
Nf3 e6 5. a3 h6 6. e3 dxc4 7. Bxc4 Bd6 8. e4 e5 9. dxe5 Nxe5 10. Nxe5 Bxe5 11. Qxd8+ Kxd8 12. Bd3 Re8 13. f3 Ke7 14.
O-O Bd4+ 15. Kh1 Be6 16. Nb5 Bb6 17. Bf4 Red8 18. Rad1 Bb3 19. Rd2 g5 20. Bxc7 Bxc7 21. Nxc7 Rac8 22.
Nb5 Bc4 23. Rfd1 Bxd3 24. Rxd3 Rxd3 25. Rf1 a6 26. Nc3 Rd2 27. Na4 b5 28. Nb6 Rcc2 29. Re1 Rxb2 30. h3 Rxg2 31. Nd5+ Nxd5 32.
exd5+ Kd7 33. Ra1 Rgd2 34. Kg1 Rxd5 35. Kf1 Rdd2 36. Ke1 Rh2 37. Rd1+ Kc6 38. Rc1+ Kb6 39. Ra1 0-1

[Event "NJSK 2023 Meisjes B"]
[Site "Almelo, Netherlands"]
[Date "2023.05.01"]
[Round "2.1"]
[White "Verheij, Dana"]
[Black "Tangarife Ramirez, Katja"]
[Result "1-0"]
[TimeControl "90min/40moves + 30min + 30sec/move"]
[WhiteElo "1846"]
[BlackElo "1667"]

1. e4 c6 2. d4 d5 3. exd5 cxd5 4. Nf3 Nc6 5. Ne5 Nf6 6. Bb5 Bd7 7. Nxd7 Qxd7 8. c3 e6 9. O-O Bd6 10.
Nd2 O-O 11. Re1 a6 12. Bd3 e5 13. dxe5 Nxe5 14. Nf1 Nxd3 15. Qxd3 Rfe8 16. Be3 Re6 17. Bd4 Ne4 18. Red1 Rd8 19.
a4 Bc5 20. Bxc5 Nxc5 21. Qc2 Qc7 22. Ne3 Qe5 23. Rd4 Ne4 24. Re1 Nf6 25. Red1 h5 26. h3 Qg5 27. Qf5 Qxf5 28. Nxf5 Re2 29.
R4d2 Rxd2 30. Rxd2 g6 31. Ne3 Kf8 32. c4 Ke7 33. cxd5 Kd6 34. b4 Ke5 35. Nc4+ Kf5 36. d6 Ne4 37.
Rd5+ Kf6 38. Rd4 Nc3 39. Kf1 Nxa4 40. Na5 Ke5 41. Rd2 b5 42. Nc6+ 1-0

[Event "NJSK 2023 Meisjes B"]
[Site "Almelo, Netherlands"]
[Date "2023.05.01"]
[Round "2.2"]
[White "Zahirna, Iryna"]
[Black "Gergin, Isafara"]
[Result "0-1"]
[TimeControl "90min/40moves + 30min + 30sec/move"]
[WhiteElo "1594"]
[BlackElo "1762"]

1. c4 Nf6 2. Nf3 g6 3. g3 Bg7 4. Bg2 O-O 5. e3 d6 6. d4 Nbd7 7. Nc3 e5 8. O-O Nh5 9. dxe5 dxe5 10.
e4 c6 11. Be3 Qe7 12. Qe2 a5 13. a3 a4 14. Qc2 b5 15. cxb5 cxb5 16. Nxb5 Ba6 17. Qxa4 Nc5 18. Qc4 Nxe4 19.
Qxe4 Bxb5 20. Rfd1 Rac8 21. Rac1 Rxc1 22. Rxc1 Re8 23. Nd2 Qe6 24. Rc5 Bd7 25. Qd5 Qxd5 26. Rxd5 Bc6 27. Rc5 Bxg2 28.
Kxg2 f5 29. Rc2 f4 30. gxf4 exf4 31. Ba7 Ra8 32. Bc5 Nf6 33. Bd4 g5 34. Rc1 g4 35. f3 h5 36. h3 g3 37. Be5 Nd5 38.
Bxg7 Ne3+ 39. Kg1 Kxg7 40. Nf1 Re8 41. Re1 Rb8 42. Nxe3 fxe3 43. b4 Re8 44. h4 Kf6 45. Kg2 Kf5 46. Kxg3 Rg8+ 47. Kh2 Kf4 48. Rg1 Ra8 49.
Ra1 Kxf3 50. Kg1 Rg8+ 51. Kh1 e2 52. a4 Kf2 0-1

[Event "NJSK 2023 Meisjes B"]
[Site "Almelo, Netherlands"]
[Date "2023.05.01"]
[Round "2.3"]
[White "Feng, Elysia"]
[Black "Damen, Josephine"]
[Result "0-1"]
[TimeControl "90min/40moves + 30min + 30sec/move"]
[WhiteElo "1697"]
[BlackElo "1628"]

1. e4 e5 2. Nf3 Nc6 3. Bb5 a6 4.
Ba4 Nf6 5. O-O Be7 6. Re1 b5 7. Bb3 O-O 8. c3 d5 9. exd5 Nxd5 10. Nxe5 Nxe5 11. Rxe5 c6 12. d4 Bd6 13. Re1 Qh4 14.
g3 Qh3 15. Be3 Bg4 16. Qd3 Kh8 17. Qf1 Qh5 18. Nd2 f5 19. f4 Rae8 20. Bxd5 cxd5 21. a4 bxa4 22. Rxa4 g5 23. Raa1 gxf4 24.
Bxf4 Be2 25. Qf2 Bxf4 26. Qxf4 Rg8 27. Qf2 Rg4 28. Nf3 Rge4 29. Ne5 Rg8 30. Kh1 f4 31. g4 Rxg4 32. Nxg4 Qxg4 33.
h3 Qxh3+ 34. Qh2 Qe3 35. Rxe2 Qxe2 36. Qh4 Qf3+ 37. Kg1 Qe3+ 38. Kh1 Qf3+ 39. Kg1 Re8 40. Qf6+ Kg8 41. Qxa6 Qg3+ 42.
Kh1 Qh3+ 43. Kg1 f3 44. Qf1 Qg3+ 45. Kh1 Re4 46. Ra8+ Kg7 47. Ra7+ Kf6 48. Ra6+ Kf5 49. Rh6 Re1 50.
Rh5+ Kg6 51. Re5 Qg2# 0-1

[Event "NJSK 2023 Meisjes B"]
[Site "Almelo, Netherlands"]
[Date "2023.05.01"]
[Round "2.4"]
[White "Ganeshram, Nirupa"]
[Black "Kulikova, Polina"]
[Result "0-1"]
[TimeControl "90min/40moves + 30min + 30sec/move"]
[WhiteElo "1629"]
[BlackElo "1589"]

1. e4 c6 2. Nc3 d5 3. Nf3 Bg4 4.
exd5 cxd5 5. h3 Bxf3 6. Qxf3 e6 7. b3 Nf6 8. Bb2 Be7 9. Be2 Nc6 10. a4 a6 11. Na2 Qc7 12. O-O O-O 13.
Rac1 Qd6 14. Rfd1 Rac8 15. d4 Nb4 16. Nxb4 Qxb4 17. c4 dxc4 18. Bxc4 Rfd8 19. Bc3 Qb6 20. Rd3 Nd5 21. Bb2 Bf6 22.
Rcd1 Qd6 23. Qg4 Qe7 24. Rg3 g6 25. Bc1 Nb6 26. Rc3 Nxc4 27. bxc4 Qb4 28. Rf3 Bg7 29. Qf4 Rd7 30. c5 Qxa4 31. Rfd3 Rcd8 32. Be3 e5 33.
Qh4 exd4 34. Bg5 Re8 35. Bf6 Bxf6 36. Qxf6 Qa5 37. c6 bxc6 38. Qxc6 Qb5 39. Qf3 Red8 40. Qe4 Qd5 41. Qe2 a5 42.
Qd2 Qc5 43. Rc1 Qb6 44. Ra1 Qb4 45. Rxa5 Qxd2 46. Rxd2 d3 47. Ra3 Kg7 48. f3 f5 49. g3 Kf6 50. f4 g5 51. Kf2 gxf4 52. gxf4 Kg6 53. Kg3 Kh5 54. Ra5 Rd5 55. Ra3 R8d7 56. Kh2 Kh4 57. Ra6 R7d6 58. Ra4 Rc6 59. Ra7 h6 60.
Raa2 Rg6 61. Kh1 Rg3 62. Kh2 Rxh3+ 63. Kg2 Kg4 64. Rf2 Rg3+ 65. Kh2 Rf3 66. Rg2+ Kxf4 67. Ra4+ Ke3 68. Ra3 Rf2 69.
Rxf2 Kxf2 70. Ra1 d2 0-1

[Event "NJSK 2023 Meisjes B"]
[Site "Almelo, Netherlands"]
[Date "2023.05.01"]
[Round "2.5"]
[White "Knobbe, Elise"]
[Black "Yildirim, Azra"]
[Result "0-1"]
[TimeControl "90min/40moves + 30min + 30sec/move"]
[WhiteElo "1584"]
[BlackElo "1275"]

1. c4 e5 2. Nc3 Nc6 3. g3 Nf6 4. Bg2 Bc5 5. e3 O-O 6. Nge2 Re8 7. d3 d6 8. O-O Ne7 9. a3 a5 10.
b3 Ng6 11. Bb2 c6 12. d4 Bb6 13. d5 e4 14. dxc6 bxc6 15. Nd4 Bg4 16. Qd2 Qd7 17. Na4 Bc5 18. Bc3 Bxd4 19. Bxd4 Qf5 20.
b4 axb4 21. axb4 Rad8 22. Bxf6 gxf6 23. Qc2 Bh3 24. Nb2 Bxg2 25. Kxg2 Qg4 26. f4 exf3+ 27. Kf2 Ne5 28. Rh1 Qh3 29.
Rag1 Ng4+ 30. Kxf3 Rxe3+ 31. Kf4 Rde8 32. Nd1 Qh6+ 33. Kxg4 R8e4+ 34. Kf5 Qg5# 0-1

[Event "NJSK 2023 Meisjes B"]
[Site "Almelo, Netherlands"]
[Date "2023.05.01"]
[Round "2.6"]
[White "Oostinga, Elisa"]
[Black "Luijkx, Dagmar"]
[Result "1/2-1/2"]
[TimeControl "90min/40moves + 30min + 30sec/move"]
[WhiteElo "1034"]
[BlackElo "1559"]

1. e4 e6 2. d4 d5 3. Nc3 Nf6 4. Bg5 Be7 5. e5 Nfd7 6. Bxe7 Qxe7 7. a3 c5 8. Nf3 a6 9. Qd2 Nc6 10.
O-O-O cxd4 11. Nxd4 Ndxe5 12. f4 Nd7 13. Nxd5 Qd8 14. Nc3 Nxd4 15. Qxd4 O-O 16. Be2 Qf6 17. g4 e5 18. fxe5 Nxe5 19.
h4 b5 20. g5 Qe6 21. Rhf1 Bb7 22. Rde1 Rfd8 23. Qf4 Ng6 24. Qf2 Qd7 25. Bd3 Rf8 26. h5 Nh8 27. h6 f6 28. Bf5 Qc6 29.
Be6+ Nf7 30. gxf6 g6 31. Nd5 Kh8 32. Qg3 Rae8 33. Ne7 1/2-1/2

[Event "NJSK 2023 Meisjes B"]
[Site "Almelo, Netherlands"]
[Date "2023.05.01"]
[Round "2.7"]
[White "Wortman, Manixia"]
[Black "De Bruijne, Marlies"]
[Result "0-1"]
[TimeControl "90min/40moves + 30min + 30sec/move"]
[WhiteElo "1493"]
[BlackElo "945"]

1. e4 c5 2. c3 e6 3. d4 d5 4. exd5 exd5 5. Nf3 Nf6 6.
Be2 Bd6 7. Bg5 O-O 8. Bxf6 Qxf6 9. dxc5 Bxc5 10. Qxd5 Bb6 11. O-O Nc6 12. Nbd2 Bg4 13. Ne4 Qe7 14. Ng3 Rad8 15. Qc4 Bxf3 16.
Bxf3 Rc8 17. Qb3 Rfe8 18. Rad1 Ne5 19. Bd5 Ng4 20. Nf5 Qe5 21. Bxf7+ Kh8 22. Bxe8 Qxh2# 0-1

[Event "NJSK 2023 Meisjes B"]
[Site "Almelo, Netherlands"]
[Date "2023.05.02"]
[Round "3.1"]
[White "Gergin, Isafara"]
[Black "Verheij, Dana"]
[Result "1-0"]
[TimeControl "90min/40moves + 30min + 30sec/move"]
[WhiteElo "1762"]
[BlackElo "1846"]

1. e4 c5 2. Nf3 d6 3. d4 cxd4 4. Nxd4 Nf6 5. Nc3 Nc6 6. Be2 g6 7. Be3 Bg7 8. O-O O-O 9. Qd2 Ng4 10.
Bxg4 Bxg4 11. f4 Bd7 12. Rad1 a6 13. Nd5 Rc8 14. Qf2 f5 15. exf5 Nxd4 16. Bxd4 Bxf5 17. Bxg7 Kxg7 18. Qd4+ Kg8 19.
c4 e6 20. Ne3 h5 21. Qxd6 Qf6 22. Qd4 Qxd4 23. Rxd4 Rfd8 24. Rfd1 Rxd4 25. Rxd4 b5 26. Nxf5 exf5 27. b3 Kf7 28.
Kf2 Ke6 29. Ke3 Rc5 30. Kd3 bxc4+ 31. Rxc4 Ra5 32. a4 Rd5+ 33. Kc3 Rd1 34. Rc6+ Kd5 35. Rxa6 h4 36. Rxg6 Rg1 37. Rh6 Rxg2 38.
Rxh4 Ke4 39. a5 Kf3 40. Rh6 Kxf4 41. h4 Ra2 42. b4 Kg3 43. h5 f4 44. Rf6 f3 45. h6 f2 46. h7 Ra3+ 47.
Kb2 Rf3 48. Rxf3+ Kxf3 49. h8=Q f1=Q 50. Qf8+ Ke2 51. Qxf1 1-0

[Event "NJSK 2023 Meisjes B"]
[Site "Almelo, Netherlands"]
[Date "2023.05.02"]
[Round "3.2"]
[White "Damen, Josephine"]
[Black "Yildirim, Azra"]
[Result "1-0"]
[TimeControl "90min/40moves + 30min + 30sec/move"]
[WhiteElo "1628"]
[BlackElo "1275"]

1. e4 e5 2. Nf3 Nc6 3. Bc4 Bc5 4. c3 Nf6 5. d4 exd4 6. cxd4 Bb4+ 7. Nc3 d5 8. exd5 Nxd5 9. O-O Be6 10.
Qe2 O-O 11. Ng5 Nxd4 12. Qd3 Nf6 13. Nce4 Bf5 14. Nxf7 Rxf7 15. Bxf7+ Kxf7 16. f3 Qd5 17. Kh1 Re8 18. Be3 c5 19. a3 Ba5 20. b4 Bb6 21. bxc5 Bxc5 22. Bxd4 Bxd4 23. Rad1 Rd8 24.
g4 Bxe4 25. fxe4 Qe5 26. g5 Qxg5 27. Qc4+ Kf8 28. Rxd4 Rxd4 29. Qxd4 Qb5 30. Qd1 Ke7 31. Re1 Qc5 32. Qb3 b6 33.
Qg3 Nh5 34. Qh4+ Ke6 35. Qg4+ Ke7 36. Rd1 Kf6 37. Qh4+ Ke6 38. Qg4+ Kf6 39. Qd7 Qf2 40. Qd6+ Kf7 41. Qd5+ Kg6 42.
Rg1+ Kf6 43. Qxh5 g6 44. Qh3 Ke5 45. Qg3+ Qxg3 46. Rxg3 Kxe4 47. Rc3 a5 48. Rb3 h5 49. Rxb6 g5 50.
Rb5 Kf4 51. Rxa5 h4 52. Rxg5 Kxg5 53. a4 1-0

[Event "NJSK 2023 Meisjes B"]
[Site "Almelo, Netherlands"]
[Date "2023.05.02"]
[Round "3.3"]
[White "Kulikova, Polina"]
[Black "Feng, Elysia"]
[Result "0-1"]
[TimeControl "90min/40moves + 30min + 30sec/move"]
[WhiteElo "1589"]
[BlackElo "1697"]

1. c4 e5 2. Nc3 Nf6 3. Nf3 Nc6 4. a3 d5 5. cxd5 Nxd5 6. e4 Nf6 7. Bb5 Bg4 8. h3 Bxf3 9. Qxf3 Bc5 10.
O-O O-O 11. Bxc6 bxc6 12. d3 Qd6 13. Rd1 Nd7 14. Be3 Bb6 15. Rd2 Nc5 16. Bxc5 Bxc5 17. Qd1 Qe6 18. Qc2 Bb6 19. Rc1 Rad8 20.
Ne2 Rd6 21. Nc3 Kh8 22. Na4 Bd4 23. Nc5 Qh6 24. Rcd1 f5 25. exf5 Rxf5 26. Ne4 Rg6 27. Kh1 Rh5 28. Ng3 Rxh3+ 29. Kg1 Rgxg3 30. Kf1 Rh1+ 31. Ke2 Qh5+ 32. f3 Rxg2# 0-1

[Event "NJSK 2023 Meisjes B"]
[Site "Almelo, Netherlands"]
[Date "2023.05.02"]
[Round "3.4"]
[White "Tangarife Ramirez, Katja"]
[Black "Zahirna, Iryna"]
[Result "1-0"]
[TimeControl "90min/40moves + 30min + 30sec/move"]
[WhiteElo "1667"]
[BlackElo "1594"]

1. d4 d5 2. Nf3 Nf6 3. c4 e6 4. g3 Nc6 5. Bg2 dxc4 6. O-O Bd6 7. Bg5 h6 8. Bxf6 Qxf6 9. e4 e5 10.
d5 Nd4 11. Nxd4 exd4 12. Qa4+ Bd7 13. Qxc4 a6 14. Re1 Bb5 15. Qb3 O-O 16. Nd2 c6 17. a4 1-0

[Event "NJSK 2023 Meisjes B"]
[Site "Almelo, Netherlands"]
[Date "2023.05.02"]
[Round "3.5"]
[White "De Bruijne, Marlies"]
[Black "Oostinga, Elisa"]
[Result "0-1"]
[TimeControl "90min/40moves + 30min + 30sec/move"]
[WhiteElo "945"]
[BlackElo "1034"]

1. d4 d5 2. c4 c6 3. Nf3 Nf6 4. Nc3 dxc4 5. a4 Bf5 6. e3 Nbd7 7. Bxc4 e6 8. O-O Bb4 9. Bd2 O-O 10.
Qb3 a5 11. Na2 Bxd2 12. Nxd2 Rb8 13. Rad1 Qe7 14. Qc3 Ra8 15. f3 e5 16. e4 Bg6 17. Nb3 b6 18. d5 cxd5 19. Bxd5 Rac8 20.
Qd2 Rfd8 21. Nc3 h6 22. Nb5 Nxd5 23. exd5 Bc2 24. Na7 Bxb3 25. Nxc8 Qc5+ 26. Kh1 Bxd1 27. Rxd1 Rxc8 28. h3 Nf6 29.
d6 Rd8 30. Kh2 Rd7 31. Qd3 Ne8 32. Rd2 Qxd6 33. Qxd6 Rxd6 34. Rc2 f6 35. Rc8 Kf7 36. h4 Rd2 37. b3 Rd3 38. Rc6 Rxb3 39.
Kh3 Rb4 40. g4 Rxa4 41. Rxb6 Rb4 42. Ra6 Ra4 43. Ra7+ Ke6 44. Ra8 Kd7 45. Ra7+ Nc7 46. Kg3 Ra1 47. Kf2 Kc6 0-1

[Event "NJSK 2023 Meisjes B"]
[Site "Almelo, Netherlands"]
[Date "2023.05.02"]
[Round "3.6"]
[White "Luijkx, Dagmar"]
[Black "Ganeshram, Nirupa"]
[Result "1/2-1/2"]
[TimeControl "90min/40moves + 30min + 30sec/move"]
[WhiteElo "1559"]
[BlackElo "1629"]

1. d4 d5 2. Bf4 Bf5 3. e3 e6 4. Nf3 c5 5. c3 Nc6 6. Nbd2 Nf6 7. Qb3 Qb6 8. Qxb6 axb6 9. Bb5 Rc8 10.
a4 Be7 11. O-O O-O 12. Nh4 Bg4 13. h3 Bh5 14. Nhf3 Bg6 15. Nh4 Na7 16. Nxg6 hxg6 17. Bd3 c4 18. Bc2 b5 19. axb5 Nxb5 20.
Ra5 Nd6 21. Nf3 Rc6 22. Ne5 Ra6 23. Rxa6 bxa6 24. Nc6 Nc8 25. Ra1 Bd6 26. Bxd6 Nxd6 27. Rxa6 Re8 28. Ne7+ Rxe7 29. Rxd6 Rb7 30.
Ba4 Kf8 31. Ra6 Ne4 32. f3 Nd2 33. Ra8+ Ke7 34. Kf2 Rxb2 35. g4 Ne4+ 36. Ke1 Rb1+ 37. Ke2 Nxc3+ 38. Kd2 Nxa4 39. Rxa4 g5 40.
e4 Rb3 41. exd5 Rd3+ 42. Ke2 Rxd4 43. dxe6 Kxe6 44. Ke3 Ke5 45. Ra5+ Rd5 46. Ra7 Rc5 47. Rxf7 g6 48. Rg7 Kf6 49.
Rd7 c3 50. Rd1 c2 51. Rc1 Ke5 52. h4 gxh4 53. f4+ Kf6 54. Ke4 Rc3 55. Kd4 Rf3 56. Ke4 Rc3 57. Kd4 Rc7 58. Ke4 g5 59.
f5 Rc4+ 60. Kf3 Rf4+ 61. Ke3 Rxg4 62. Rxc2 Kxf5 63. Rc5+ Kg6 64. Kf3 Rf4+ 65. Kg2 Kh5 66. Kh3 Rf3+ 67. Kg2 Rb3 68. Rc8 h3+ 69.
Kh2 Kh4 70. Rc4+ g4 71. Rf4 Rb2+ 72. Kh1 Kg3 73. Rf1 h2 74. Re1 Rb3 75. Re3+ Rxe3 1/2-1/2

[Event "NJSK 2023 Meisjes B"]
[Site "Almelo, Netherlands"]
[Date "2023.05.02"]
[Round "3.7"]
[White "Wortman, Manixia"]
[Black "Knobbe, Elise"]
[Result "1/2-1/2"]
[TimeControl "90min/40moves + 30min + 30sec/move"]
[WhiteElo "1493"]
[BlackElo "1584"]

1. e4 c5 2. c3 d5 3. exd5 Qxd5 4. Nf3 Nf6 5. Be2 e6 6. O-O Be7 7. d4 O-O 8. Be3 cxd4 9. Nxd4 Rd8 10.
Bf3 Qc4 11. Nd2 Qa6 12. Qb3 Nd5 13. Nc4 Nxe3 14. Nxe3 Nc6 15. Nxc6 bxc6 16. Rfd1 Bb7 17. Nc4 Rab8 18. Rxd8+ Rxd8 19.
Na5 Ba8 20. Nc4 Qc8 21. Rd1 c5 22. Rxd8+ Qxd8 23. Bxa8 Qxa8 24. Qd1 Qd5 25. Qxd5 exd5 26. Ne5 Bd6 27. Nd3 f6 28. h3 Kf7 29.
Kf1 Ke6 30. Ke2 d4 31. c4 a5 32. a4 g5 1/2-1/2

[Event "NJSK 2023 Meisjes B"]
[Site "Almelo, Netherlands"]
[Date "2023.05.03"]
[Round "4.1"]
[White "Damen, Josephine"]
[Black "Gergin, Isafara"]
[Result "1-0"]
[TimeControl "90min/40moves + 30min + 30sec/move"]
[WhiteElo "1628"]
[BlackElo "1762"]

1. e4 c5 2. Nf3 Nc6 3. d4 cxd4 4. Nxd4 Nf6 5. Nc3 e5 6. Ndb5 d6 7. Bg5 a6 8. Na3 b5 9. Bxf6 gxf6 10.
Nd5 f5 11. c3 Bg7 12. exf5 Bxf5 13. Nc2 O-O 14. Nce3 Be6 15. Bd3 f5 16. O-O Rb8 17. a4 Kh8 18. axb5 axb5 19. Bc2 Qg5 20.
Nc7 Qe7 21. Nxe6 Qxe6 22. Bb3 Qg6 23. Ra6 Rbc8 24. Qd5 f4 25. Bc2 Qg5 26. Qe4 Qh5 27. Nf5 Nb8 28. Ra7 Rg8 29. Nxg7 Rxg7 30.
Rxg7 Kxg7 31. Qb7+ Qf7 32. Qxc8 Nd7 33. Qc6 Qe7 34. Qxb5 e4 35. Qf5 f3 36. Bxe4 1-0

[Event "NJSK 2023 Meisjes B"]
[Site "Almelo, Netherlands"]
[Date "2023.05.03"]
[Round "4.2"]
[White "Feng, Elysia"]
[Black "Tangarife Ramirez, Katja"]
[Result "1/2-1/2"]
[TimeControl "90min/40moves + 30min + 30sec/move"]
[WhiteElo "1697"]
[BlackElo "1667"]

1. e4 c6 2. d4 d5 3. exd5 cxd5 4.
c4 Nf6 5. Nc3 Nc6 6. Bg5 dxc4 7. Bxc4 h6 8. Bxf6 exf6 9. Nge2 Bd6 10. O-O O-O 11. Rc1 b6 12. a3 Bb7 13. Ba2 Rc8 14.
Qd3 Ne7 15. Rfd1 Bb8 16. d5 Qd6 17. Ng3 Ng6 18. b4 Ne5 19. Nf5 Nxd3 20. Nxd6 Nxc1 21. Nxc8 Rxc8 22. Rxc1 Bf4 23. Rc2 Be5 24.
d6 Bxd6 25. Bb3 Be5 26. Ne2 Rxc2 27. Bxc2 b5 28. a4 Bc6 29. axb5 Bxb5 30. Nc1 Bd6 31. Bd3 a6 32. Bxb5 axb5 33.
Nd3 Kf8 34. Kf1 Ke7 35. Ke2 Ke6 36. Kd2 Kd5 37. Kc3 Be5+ 38. Kb3 Kd4 39. Ne1 Ke4 40. h3 g5 41. Nc2 Kd5 42. Na3 Kc6 43.
Nc2 f5 44. f3 h5 45. Na3 g4 46. Kc2 Bd6 1/2-1/2

[Event "NJSK 2023 Meisjes B"]
[Site "Almelo, Netherlands"]
[Date "2023.05.03"]
[Round "4.3"]
[White "Yildirim, Azra"]
[Black "Verheij, Dana"]
[Result "0-1"]
[TimeControl "90min/40moves + 30min + 30sec/move"]
[WhiteElo "1275"]
[BlackElo "1846"]

1. e4 c5 2. Nf3 d6 3. d4 cxd4 4. Nxd4 Nf6 5. Nc3 Nc6 6. Bc4 Qb6 7. Nf3 a6 8. h3 e6 9. Bb3 Be7 10.
Bg5 Qc7 11. O-O b5 12. a3 O-O 13. Qd3 Bb7 14. Rfe1 Rac8 15. Re3 Rfd8 16. Qe2 Na5 17. Ba2 Nc4 18. Bxc4 Qxc4 19. Qxc4 Rxc4 20.
e5 dxe5 21. Nxe5 Rcd4 22. Nf3 Rc4 23. b3 Rcc8 24. Rd1 Rxd1+ 25. Nxd1 Rxc2 26. Rd3 h6 27. Be3 Bxa3 28. Ne5 Nd5 29.
Kf1 Bd6 30. Nf3 Nxe3+ 31. Nxe3 Rc1+ 32. Ke2 Bxf3+ 33. gxf3 Be5 34. Nd1 a5 35. Ke3 Rc8 36. f4 Bf6 37. Ke4 a4 38. bxa4 bxa4 39.
Ra3 Ra8 40. f5 exf5+ 41. Kxf5 Be7 42. Ra2 Kf8 43. Ke5 a3 44. Ke4 Ke8 45. Kd3 Kd7 46. Kc4 Ke6 47. Kd3 Kf5 48. Ke3 Ke5 49.
f4+ Kf5 50. Kf3 Bd6 51. Ne3+ Ke6 52. Ke4 Ra4+ 53. Kd3 Bxf4 54. Nc4 Bc1 55. Kc3 f5 56. Kb3 Ra8 57. Kc2 Rc8 58. Kb3 f4 59.
Nxa3 Bxa3 60. Kxa3 Ra8+ 61. Kb2 Rxa2+ 62. Kxa2 f3 0-1

[Event "NJSK 2023 Meisjes B"]
[Site "Almelo, Netherlands"]
[Date "2023.05.03"]
[Round "4.4"]
[White "Oostinga, Elisa"]
[Black "Kulikova, Polina"]
[Result "1/2-1/2"]
[TimeControl "90min/40moves + 30min + 30sec/move"]
[WhiteElo "1034"]
[BlackElo "1589"]

1. e4 c6 2. d4 d5 3. exd5 cxd5 4. Bd3 Nc6 5. c3 Nf6 6. Bf4 Qb6 7. Qd2 Bg4 8. Ne2 e6 9. O-O Be7 10.
h3 Bh5 11. Na3 a6 12. Rab1 Qa5 13. Rfe1 b5 14. Nc2 Bg6 15. a3 O-O 16. Ng3 Bxd3 17. Qxd3 Qd8 18. Re3 h6 19. Nb4 Qb6 20.
Nxc6 Qxc6 21. Qe2 Bd6 22. Be5 Kh7 23. Bxf6 Bxg3 24. Qd3+ Kh8 25. Bxg7+ Kxg7 26. Rxg3+ Kh8 27. Qe3 Kh7 28. Re1 Rg8 29. Qd3+ Kh8 30.
Re5 Qc4 31. Qf3 Qc7 32. Qf6+ Kh7 33. Rh5 Rg6 34. Rxg6 fxg6 35. Re5 Re8 36. Rxe6 Rxe6 37. Qxe6 Qb7 38. Kf1 a5 39. Qd6 Kg7 40.
Ke2 Kf7 41. Qf4+ Kg7 42. g3 h5 43. b3 b4 44. cxb4 axb4 45. Qd6 Qb5+ 46. Ke3 1/2-1/2